[ PARTIDA AOE2 · #488588994 ]
Team RMJemeres vs Persians
[ ANÁLISIS DE REPETICIÓN · EXTRAÍDO DE LA PARTIDA GRABADA ]
Feudal
16:24
Castillos
24:43
Imperial
41:26
| APM promedio | 10.9 |
| APM pico | 59 |
| eAPM promedio | 8.1 |
| Aldeanos / militares | 78 / 59 |
Foco
⚔️ 25.0% · 🌾 75.0%
Spearman ×59 · Fishing Ship ×5
Feudal
13:59
Castillos
18:18
Imperial
39:34
| APM promedio | 27.3 |
| APM pico | 51 |
| eAPM promedio | 15.8 |
| Aldeanos / militares | 122 / 206 |
Foco
⚔️ 28.0% · 🌾 72.0%
Archer ×162 · War Elephant ×30 · Fishing Ship ×6 · Trebuchet (Packed) ×6 · Trade Cart ×5 · Galley ×4
Feudal
13:18
Castillos
21:28
Imperial
42:10
| APM promedio | 30.1 |
| APM pico | 82 |
| eAPM promedio | 18.4 |
| Aldeanos / militares | 113 / 158 |
Foco
⚔️ 39.2% · 🌾 60.8%
Karambit Warrior ×57 · Spearman ×50 · Galley ×22 · Monk ×16 · Battering Ram ×13 · Fishing Ship ×9
Feudal
14:18
Castillos
19:50
Imperial
38:36
| APM promedio | 26.4 |
| APM pico | 56 |
| eAPM promedio | 13.1 |
| Aldeanos / militares | 87 / 65 |
Foco
⚔️ 23.6% · 🌾 76.4%
Organ Gun ×28 · Fire Galley ×15 · Caravel ×9 · Trade Cart ×9 · Fishing Ship ×7 · Trebuchet (Packed) ×5
Mapa de la partida
Recursos iniciales + cada clic de construcción. Líneas = muros · curvas = relieve. ◆ oro · ⬟ piedra · ● bayas · ✦ reliquia · ◌ hueco del cierre
Tu base· Abierta — flanco sin cerrar
Base de lehoangphilong1809· Abierta — flanco sin cerrar
Base de VillagerAbuser· Abierta — flanco sin cerrar
Base de duythach3266· Abierta — flanco sin cerrar
Terreno inicial suavizado · ◌ = hueco del cierre detectado · pasá el cursor para detalles
Inputs por minuto
— Tolomagno LXIX - - lehoangphilong1809
Build order — Tolomagno LXIX
Primeras 150 de 228 acciones detectadas
| 2:44 | Construir | Town Center |
| 3:28 | Construir | House |
| 3:29 | Construir | House |
| 4:40 | Crear | Villager (Male) |
| 4:41 | Crear | Villager (Male) |
| 4:41 | Crear | Villager (Male) |
| 4:41 | Crear | Villager (Male) |
| 5:49 | Crear | Villager (Male) |
| 6:31 | Crear | Villager (Male) |
| 7:31 | Crear | Villager (Male) |
| 7:32 | Crear | Villager (Male) |
| 7:32 | Crear | Villager (Male) |
| 8:09 | Crear | Villager (Male) |
| 8:28 | Construir | House |
| 8:31 | Construir | House |
| 8:51 | Crear | Villager (Male) |
| 8:52 | Crear | Villager (Male) |
| 9:24 | Crear | Villager (Male) |
| 9:25 | Crear | Villager (Male) |
| 9:25 | Crear | Villager (Male) |
| 9:26 | Crear | Villager (Male) |
| 9:41 | Construir | Mill |
| 10:08 | Crear | Villager (Male) |
| 10:08 | Crear | Villager (Male) |
| 10:11 | Crear | Villager (Male) |
| 11:08 | Crear | Villager (Male) |
| 11:55 | Crear | Villager (Male) |
| 12:20 | Construir | House |
| 13:08 | Investigar | Loom |
| 14:08 | Construir | House |
| 14:14 | Investigar | Feudal Age |
| 15:24 | Construir | Mining Camp |
| 15:31 | Crear | Villager (Male) |
| 15:32 | Crear | Villager (Male) |
| 15:33 | Crear | Villager (Male) |
| 16:23 | Construir | Lumber Camp |
| 16:24 | Edad | Edad Feudal |
| 16:42 | Investigar | Horse Collar |
| 16:53 | Investigar | Double-Bit Axe |
| 17:29 | Construir | Farm |
| 17:30 | Construir | Farm |
| 17:31 | Construir | Farm |
| 17:33 | Construir | Farm |
| 17:40 | Crear | Villager (Male) |
| 17:40 | Crear | Villager (Male) |
| 17:40 | Crear | Villager (Male) |
| 17:41 | Crear | Villager (Male) |
| 17:41 | Crear | Villager (Male) |
| 17:55 | Construir | Farm |
| 18:01 | Construir | Farm |
| 18:03 | Construir | Farm |
| 18:05 | Construir | Farm |
| 18:07 | Construir | Farm |
| 18:09 | Construir | Farm |
| 18:12 | Construir | Farm |
| 18:36 | Construir | House |
| 18:41 | Construir | House |
| 18:49 | Construir | Stable |
| 19:04 | Construir | Lumber Camp |
| 19:10 | Crear | Villager (Male) |
| 19:10 | Crear | Villager (Male) |
| 20:04 | Construir | Blacksmith |
| 20:51 | Construir | House |
| 20:55 | Construir | House |
| 21:08 | Construir | Market |
| 21:25 | Crear | Villager (Male) |
| 21:26 | Crear | Villager (Male) |
| 21:26 | Crear | Villager (Male) |
| 21:26 | Crear | Villager (Male) |
| 21:51 | Construir | Farm |
| 21:52 | Construir | Farm |
| 21:54 | Construir | Farm |
| 21:57 | Construir | Farm |
| 22:03 | Investigar | Castle Age |
| 22:37 | Construir | Lumber Camp |
| 23:14 | Construir | Dock |
| 23:58 | Crear | Fishing Ship |
| 23:58 | Crear | Fishing Ship |
| 23:59 | Crear | Fishing Ship |
| 24:43 | Edad | Edad de los Castillos |
| 25:00 | Construir | Town Center |
| 25:13 | Construir | Town Center |
| 25:27 | Crear | Villager (Male) |
| 25:27 | Crear | Villager (Male) |
| 25:28 | Crear | Villager (Male) |
| 25:28 | Crear | Villager (Male) |
| 25:28 | Crear | Villager (Male) |
| 25:29 | Crear | Villager (Male) |
| 26:02 | Investigar | Gold Mining |
| 26:03 | Investigar | Stone Mining |
| 26:10 | Investigar | Bow Saw |
| 27:01 | Construir | Mining Camp |
| 27:23 | Crear | Villager (Male) |
| 27:23 | Crear | Villager (Male) |
| 27:24 | Crear | Villager (Male) |
| 27:24 | Crear | Villager (Male) |
| 27:24 | Crear | Villager (Male) |
| 27:24 | Crear | Villager (Male) |
| 27:36 | Construir | Lumber Camp |
| 27:38 | Crear | Villager (Male) |
| 27:39 | Crear | Villager (Male) |
| 27:59 | Crear | Villager (Male) |
| 28:00 | Crear | Villager (Male) |
| 28:00 | Crear | Villager (Male) |
| 28:01 | Crear | Villager (Male) |
| 28:01 | Crear | Villager (Male) |
| 28:12 | Investigar | Heavy Plow |
| 28:18 | Investigar | Gold Shaft Mining |
| 28:19 | Investigar | Stone Shaft Mining |
| 28:25 | Investigar | Light Cavalry (upgrade) |
| 28:25 | Investigar | Bloodlines |
| 28:33 | Investigar | Scale Barding Armor |
| 28:57 | Crear | Villager (Male) |
| 28:57 | Crear | Villager (Male) |
| 28:58 | Crear | Villager (Male) |
| 29:22 | Investigar | Tech 906 |
| 29:27 | Crear | Fishing Ship |
| 29:27 | Crear | Fishing Ship |
| 30:53 | Construir | Lumber Camp |
| 31:17 | Construir | Stable |
| 31:19 | Construir | Stable |
| 31:24 | Construir | Stable |
| 31:28 | Crear | Villager (Male) |
| 31:28 | Crear | Villager (Male) |
| 31:29 | Crear | Villager (Male) |
| 31:29 | Crear | Villager (Male) |
| 31:29 | Crear | Villager (Male) |
| 31:29 | Crear | Villager (Male) |
| 31:30 | Crear | Villager (Male) |
| 31:30 | Crear | Villager (Male) |
| 31:36 | Investigar | Wheelbarrow |
| 31:40 | Crear | Villager (Male) |
| 31:41 | Crear | Villager (Male) |
| 31:41 | Crear | Villager (Male) |
| 31:42 | Crear | Villager (Male) |
| 32:15 | Construir | Farm |
| 32:17 | Construir | Farm |
| 32:18 | Construir | Farm |
| 32:35 | Crear | Villager (Male) |
| 32:35 | Crear | Villager (Male) |
| 32:58 | Construir | House |
| 32:59 | Construir | House |
| 33:00 | Construir | House |
| 33:02 | Construir | House |
| 33:08 | Investigar | Husbandry |
| 33:12 | Investigar | Chain Barding Armor |
| 33:17 | Investigar | Forging |
| 33:17 | Investigar | Scale Mail Armor |
| 33:55 | Construir | Farm |
| 33:58 | Construir | Farm |
Build order — lehoangphilong1809
Primeras 150 de 353 acciones detectadas
| 1:11 | Construir | Town Center |
| 1:57 | Construir | House |
| 2:38 | Construir | Mill |
| 3:00 | Crear | Villager (Male) ×5 |
| 3:09 | Construir | House |
| 4:08 | Crear | Villager (Male) |
| 4:36 | Crear | Villager (Male) |
| 5:16 | Crear | Villager (Male) |
| 5:16 | Crear | Villager (Male) |
| 6:04 | Crear | Villager (Male) |
| 6:05 | Crear | Villager (Male) |
| 6:06 | Crear | Villager (Male) |
| 6:06 | Crear | Villager (Male) |
| 6:35 | Crear | Villager (Male) |
| 7:33 | Construir | House |
| 7:38 | Investigar | Loom |
| 7:49 | Crear | Villager (Male) |
| 7:49 | Crear | Villager (Male) |
| 7:49 | Crear | Villager (Male) |
| 8:00 | Crear | Villager (Male) |
| 8:01 | Crear | Villager (Male) |
| 8:42 | Construir | House |
| 8:47 | Construir | House |
| 9:12 | Construir | Dock |
| 9:38 | Crear | Villager (Male) |
| 9:41 | Crear | Villager (Male) |
| 9:41 | Crear | Villager (Male) |
| 9:43 | Crear | Villager (Male) |
| 9:43 | Crear | Villager (Male) |
| 9:43 | Crear | Villager (Male) |
| 9:44 | Crear | Villager (Male) |
| 10:39 | Crear | Villager (Male) |
| 10:43 | Crear | Fishing Ship |
| 10:43 | Crear | Fishing Ship |
| 10:48 | Construir | House |
| 11:10 | Construir | House |
| 11:39 | Investigar | Feudal Age |
| 12:03 | Construir | House |
| 12:16 | Construir | Lumber Camp |
| 13:22 | Crear | Fishing Ship |
| 13:23 | Crear | Fishing Ship |
| 13:33 | Crear | Villager (Male) |
| 13:34 | Crear | Villager (Male) |
| 13:59 | Edad | Edad Feudal |
| 14:18 | Crear | Villager (Male) |
| 14:18 | Crear | Villager (Male) |
| 14:33 | Construir | Market |
| 14:42 | Construir | Market |
| 14:44 | Crear | Villager (Male) |
| 15:03 | Construir | Blacksmith |
| 15:25 | Investigar | Double-Bit Axe |
| 15:42 | Construir | Dock |
| 15:51 | Investigar | Castle Age |
| 16:05 | Investigar | Tech 906 |
| 16:07 | Crear | Villager (Male) |
| 16:18 | Construir | Mining Camp |
| 16:41 | Crear | Demolition Raft |
| 16:45 | Crear | Fishing Ship |
| 16:48 | Crear | Fishing Ship |
| 17:03 | Construir | House |
| 17:08 | Construir | House |
| 17:34 | Crear | Galley |
| 17:34 | Crear | Galley |
| 17:56 | Crear | Transport Ship |
| 18:01 | Crear | Galley |
| 18:01 | Crear | Galley |
| 18:12 | Crear | Villager (Male) |
| 18:18 | Edad | Edad de los Castillos |
| 18:24 | Construir | House |
| 18:34 | Construir | Lumber Camp |
| 18:35 | Crear | Villager (Male) |
| 18:36 | Crear | Villager (Male) |
| 18:38 | Investigar | Wheelbarrow |
| 19:09 | Construir | House |
| 19:44 | Crear | Villager (Male) |
| 19:44 | Crear | Villager (Male) |
| 19:44 | Crear | Villager (Male) |
| 19:50 | Construir | Town Center |
| 19:53 | Crear | Villager (Male) |
| 20:07 | Construir | Town Center |
| 20:08 | Crear | Villager (Male) |
| 20:08 | Crear | Villager (Male) |
| 20:19 | Construir | House |
| 20:33 | Investigar | Horse Collar |
| 20:38 | Construir | Farm |
| 21:00 | Crear | Villager (Male) |
| 21:06 | Construir | Farm |
| 21:09 | Construir | Farm |
| 21:14 | Construir | Farm |
| 21:23 | Investigar | Stone Mining |
| 21:27 | Construir | Farm |
| 21:28 | Crear | Villager (Male) |
| 21:28 | Crear | Villager (Male) |
| 21:34 | Crear | Villager (Male) |
| 21:35 | Crear | Villager (Male) |
| 21:58 | Construir | Farm |
| 22:02 | Crear | Villager (Male) |
| 22:03 | Crear | Villager (Male) |
| 22:15 | Crear | Villager (Male) |
| 22:15 | Crear | Villager (Male) |
| 22:28 | Construir | Barracks |
| 22:31 | Crear | Villager (Male) |
| 22:42 | Crear | Villager (Male) |
| 22:43 | Crear | Villager (Male) |
| 22:48 | Crear | Villager (Male) |
| 22:48 | Crear | Villager (Male) |
| 23:02 | Construir | Farm |
| 23:03 | Construir | Farm |
| 23:14 | Construir | Farm |
| 23:14 | Construir | Farm |
| 23:20 | Crear | Villager (Male) |
| 23:20 | Crear | Villager (Male) |
| 23:21 | Crear | Villager (Male) |
| 23:30 | Construir | Archery Range |
| 23:33 | Crear | Villager (Male) |
| 23:33 | Crear | Villager (Male) |
| 23:40 | Crear | Villager (Male) |
| 23:40 | Crear | Villager (Male) |
| 23:47 | Construir | Farm |
| 23:56 | Construir | Farm |
| 23:57 | Crear | Villager (Male) |
| 23:57 | Crear | Villager (Male) |
| 24:09 | Crear | Villager (Male) |
| 24:09 | Crear | Villager (Male) |
| 24:10 | Crear | Villager (Male) |
| 24:18 | Construir | House |
| 24:19 | Construir | House |
| 24:21 | Construir | House |
| 24:43 | Construir | Castle |
| 24:50 | Crear | Villager (Male) |
| 24:51 | Crear | Villager (Male) |
| 25:14 | Construir | Monastery |
| 25:16 | Crear | Villager (Male) |
| 25:16 | Crear | Villager (Male) |
| 25:16 | Crear | Villager (Male) |
| 25:17 | Crear | Villager (Male) |
| 25:20 | Investigar | Bow Saw |
| 25:22 | Investigar | Heavy Plow |
| 25:28 | Construir | Archery Range |
| 25:29 | Construir | Archery Range |
| 25:31 | Crear | Villager (Male) |
| 25:51 | Construir | Mill |
| 25:53 | Construir | Farm |
| 25:53 | Construir | Farm |
| 25:54 | Construir | Farm |
| 25:54 | Construir | Farm |
| 25:54 | Construir | Farm |
| 25:55 | Construir | Farm |
| 25:55 | Construir | Farm |
| 25:55 | Construir | Farm |
Build order — VillagerAbuser
Primeras 150 de 428 acciones detectadas
| 1:28 | Construir | Town Center |
| 2:06 | Construir | House |
| 2:09 | Construir | House |
| 3:26 | Crear | Villager (Male) |
| 3:26 | Crear | Villager (Male) |
| 3:27 | Crear | Villager (Male) |
| 3:27 | Crear | Villager (Male) |
| 3:29 | Investigar | Loom |
| 4:29 | Crear | Villager (Male) |
| 4:30 | Crear | Villager (Male) |
| 4:30 | Crear | Villager (Male) |
| 4:30 | Crear | Villager (Male) |
| 5:01 | Crear | Villager (Male) |
| 5:01 | Crear | Villager (Male) |
| 5:18 | Crear | Villager (Male) |
| 5:19 | Crear | Villager (Male) |
| 5:45 | Crear | Villager (Male) |
| 5:46 | Crear | Villager (Male) |
| 6:29 | Crear | Villager (Male) |
| 6:29 | Crear | Villager (Male) |
| 7:01 | Construir | House |
| 7:02 | Construir | House |
| 7:29 | Crear | Villager (Male) |
| 7:30 | Crear | Villager (Male) |
| 7:51 | Crear | Villager (Male) |
| 8:16 | Crear | Villager (Male) |
| 8:16 | Crear | Villager (Male) |
| 8:19 | Construir | Dock |
| 8:56 | Crear | Villager (Male) |
| 9:27 | Crear | Villager (Male) |
| 9:29 | Investigar | Loom |
| 9:32 | Crear | Fishing Ship |
| 9:33 | Crear | Fishing Ship |
| 9:33 | Crear | Fishing Ship |
| 10:11 | Construir | Mill |
| 10:30 | Crear | Villager (Male) |
| 10:30 | Crear | Villager (Male) |
| 10:57 | Crear | Fishing Ship |
| 11:03 | Construir | House |
| 11:05 | Construir | House |
| 11:19 | Crear | Villager (Male) |
| 11:40 | Investigar | Feudal Age |
| 12:11 | Construir | Mill |
| 12:41 | Construir | Mining Camp |
| 13:05 | Construir | Lumber Camp |
| 13:18 | Edad | Edad Feudal |
| 13:23 | Crear | Villager (Male) |
| 13:35 | Investigar | Double-Bit Axe |
| 13:36 | Crear | Villager (Male) |
| 13:37 | Crear | Villager (Male) |
| 13:57 | Crear | Galley |
| 13:57 | Crear | Galley |
| 13:58 | Crear | Galley |
| 14:07 | Crear | Villager (Male) |
| 14:34 | Investigar | Town Watch |
| 14:40 | Investigar | Tech 906 |
| 14:41 | Crear | Galley |
| 14:41 | Crear | Galley |
| 14:44 | Crear | Villager (Male) |
| 15:10 | Construir | House |
| 15:12 | Construir | House |
| 15:14 | Construir | House |
| 15:18 | Crear | Villager (Male) |
| 15:25 | Crear | Galley |
| 15:39 | Construir | Blacksmith |
| 15:43 | Crear | Villager (Male) |
| 16:04 | Crear | Villager (Male) |
| 16:20 | Investigar | Fletching |
| 16:20 | Investigar | Fletching |
| 16:20 | Investigar | Fletching |
| 16:24 | Crear | Galley |
| 16:28 | Crear | Villager (Male) |
| 16:29 | Crear | Villager (Male) |
| 16:50 | Crear | Galley |
| 17:08 | Investigar | Horse Collar |
| 17:19 | Construir | Mill |
| 17:21 | Crear | Villager (Male) |
| 17:21 | Crear | Villager (Male) |
| 17:31 | Investigar | Wheelbarrow |
| 17:41 | Crear | Villager (Male) |
| 18:24 | Crear | Villager (Male) |
| 18:41 | Construir | Market |
| 18:49 | Crear | Villager (Male) |
| 19:52 | Investigar | Castle Age |
| 20:11 | Crear | Villager (Male) |
| 20:12 | Crear | Villager (Male) |
| 20:45 | Crear | Galley |
| 20:45 | Crear | Galley |
| 20:45 | Crear | Galley |
| 21:06 | Construir | Mining Camp |
| 21:28 | Investigar | Forging |
| 21:28 | Edad | Edad de los Castillos |
| 21:30 | Investigar | Bodkin Arrow |
| 21:34 | Investigar | War Galley (upgrade) |
| 21:39 | Investigar | War Galley (upgrade) |
| 21:49 | Crear | Villager (Male) |
| 22:34 | Construir | House |
| 22:35 | Construir | House |
| 22:35 | Construir | House |
| 22:35 | Construir | House |
| 22:36 | Construir | House |
| 22:36 | Construir | House |
| 22:39 | Crear | Villager (Male) |
| 22:41 | Investigar | Wheelbarrow |
| 22:46 | Investigar | Bow Saw |
| 23:02 | Crear | Galley |
| 23:02 | Crear | Galley |
| 23:15 | Construir | Siege Workshop |
| 23:20 | Investigar | Stone Mining |
| 23:21 | Investigar | Gold Mining |
| 23:48 | Investigar | Heavy Plow |
| 23:55 | Construir | Lumber Camp |
| 23:58 | Crear | Villager (Male) |
| 24:07 | Construir | Castle |
| 24:14 | Crear | Villager (Male) |
| 24:14 | Crear | Villager (Male) |
| 24:22 | Construir | Mill |
| 24:51 | Crear | Battering Ram |
| 24:51 | Crear | Battering Ram |
| 24:55 | Crear | Villager (Male) |
| 25:16 | Crear | Battering Ram |
| 25:22 | Crear | Karambit Warrior |
| 25:22 | Crear | Karambit Warrior |
| 25:22 | Crear | Karambit Warrior |
| 25:23 | Crear | Karambit Warrior |
| 25:23 | Crear | Karambit Warrior |
| 25:23 | Crear | Karambit Warrior |
| 25:34 | Construir | Farm |
| 25:34 | Construir | Farm |
| 25:35 | Construir | Farm |
| 25:35 | Construir | Farm |
| 25:40 | Construir | Farm |
| 25:47 | Crear | Villager (Male) |
| 25:47 | Crear | Villager (Male) |
| 25:55 | Construir | Farm |
| 25:56 | Crear | Villager (Male) |
| 26:08 | Crear | Villager (Male) |
| 26:09 | Crear | Villager (Male) |
| 26:26 | Crear | Villager (Male) |
| 26:46 | Investigar | Gillnets |
| 26:54 | Investigar | Iron Casting |
| 26:56 | Crear | Villager (Male) |
| 26:56 | Crear | Villager (Male) |
| 26:59 | Crear | Battering Ram |
| 27:02 | Crear | Karambit Warrior |
| 27:03 | Crear | Karambit Warrior |
| 27:03 | Crear | Karambit Warrior |
| 27:14 | Crear | Karambit Warrior |
| 27:15 | Crear | Karambit Warrior |
| 27:15 | Crear | Karambit Warrior |
Build order — duythach3266
Primeras 150 de 263 acciones detectadas
| 1:58 | Construir | Town Center |
| 2:55 | Construir | House |
| 3:00 | Construir | House |
| 3:46 | Crear | Villager (Male) |
| 3:46 | Crear | Villager (Male) |
| 3:47 | Crear | Villager (Male) |
| 3:47 | Crear | Villager (Male) |
| 5:04 | Crear | Villager (Male) |
| 5:35 | Construir | Lumber Camp |
| 5:39 | Crear | Villager (Male) |
| 5:54 | Crear | Villager (Male) |
| 6:44 | Crear | Villager (Male) |
| 6:45 | Crear | Villager (Male) |
| 6:45 | Crear | Villager (Male) |
| 7:19 | Construir | House |
| 7:30 | Crear | Villager (Male) |
| 8:14 | Crear | Villager (Male) |
| 8:14 | Crear | Villager (Male) |
| 8:36 | Construir | Mill |
| 8:55 | Crear | Villager (Male) |
| 8:55 | Crear | Villager (Male) |
| 8:56 | Crear | Villager (Male) |
| 9:40 | Construir | House |
| 9:42 | Construir | House |
| 10:14 | Construir | Dock |
| 10:27 | Construir | Farm |
| 10:30 | Construir | Farm |
| 11:00 | Crear | Villager (Male) |
| 11:00 | Crear | Villager (Male) |
| 11:00 | Crear | Villager (Male) |
| 11:00 | Crear | Villager (Male) |
| 11:01 | Crear | Villager (Male) |
| 11:01 | Crear | Villager (Male) |
| 11:19 | Crear | Fishing Ship |
| 12:08 | Investigar | Feudal Age |
| 12:14 | Crear | Fishing Ship |
| 12:14 | Crear | Fishing Ship |
| 12:18 | Crear | Villager (Male) |
| 12:19 | Crear | Villager (Male) |
| 14:18 | Edad | Edad Feudal |
| 14:51 | Construir | Market |
| 14:59 | Construir | Blacksmith |
| 15:13 | Construir | Mining Camp |
| 15:15 | Crear | Villager (Male) |
| 15:15 | Crear | Villager (Male) |
| 16:03 | Construir | House |
| 16:04 | Construir | House |
| 16:06 | Construir | House |
| 16:16 | Construir | Farm |
| 16:18 | Construir | Farm |
| 16:58 | Crear | Fishing Ship |
| 17:02 | Investigar | Tech 906 |
| 17:10 | Investigar | Castle Age |
| 17:14 | Investigar | Double-Bit Axe |
| 18:17 | Crear | Fire Galley |
| 18:18 | Crear | Fire Galley |
| 18:50 | Construir | Farm |
| 19:00 | Crear | Fire Galley |
| 19:50 | Edad | Edad de los Castillos |
| 20:01 | Investigar | Horse Collar |
| 20:14 | Crear | Unit 2626 |
| 20:18 | Crear | Caravel |
| 20:18 | Crear | Caravel |
| 20:49 | Crear | Caravel |
| 20:54 | Investigar | Gillnets |
| 21:27 | Crear | Villager (Male) |
| 21:27 | Crear | Villager (Male) |
| 21:27 | Crear | Villager (Male) |
| 21:28 | Crear | Villager (Male) |
| 21:28 | Crear | Villager (Male) |
| 21:28 | Crear | Villager (Male) |
| 21:28 | Crear | Villager (Male) |
| 21:29 | Crear | Villager (Male) |
| 21:29 | Crear | Villager (Male) |
| 21:29 | Crear | Villager (Male) |
| 21:29 | Crear | Villager (Male) |
| 21:30 | Crear | Villager (Male) |
| 22:05 | Construir | Mill |
| 22:35 | Construir | Monastery |
| 23:14 | Investigar | Bow Saw |
| 23:27 | Crear | Fishing Ship |
| 23:27 | Crear | Fishing Ship |
| 23:45 | Crear | Monk |
| 23:45 | Crear | Monk |
| 24:04 | Investigar | Heavy Plow |
| 24:20 | Construir | Mining Camp |
| 24:33 | Crear | Villager (Male) |
| 24:33 | Crear | Villager (Male) |
| 24:33 | Crear | Villager (Male) |
| 25:04 | Construir | Barracks |
| 25:30 | Construir | Fish Trap |
| 25:37 | Crear | Fishing Ship |
| 25:53 | Construir | House |
| 26:04 | Construir | House |
| 26:41 | Crear | Villager (Male) |
| 26:41 | Crear | Villager (Male) |
| 26:41 | Crear | Villager (Male) |
| 27:22 | Construir | Town Center |
| 28:07 | Crear | Trade Cart |
| 28:12 | Crear | Trade Cart |
| 28:39 | Construir | House |
| 28:57 | Construir | House |
| 28:59 | Construir | House |
| 29:01 | Construir | House |
| 29:05 | Construir | House |
| 29:14 | Construir | House |
| 29:16 | Construir | House |
| 29:18 | Construir | House |
| 29:19 | Construir | House |
| 29:21 | Construir | House |
| 29:24 | Construir | House |
| 30:01 | Construir | Market |
| 30:06 | Crear | Trade Cart |
| 30:06 | Crear | Trade Cart |
| 30:06 | Crear | Trade Cart |
| 30:29 | Crear | Fire Galley |
| 30:35 | Crear | Villager (Male) |
| 30:35 | Crear | Villager (Male) |
| 30:36 | Crear | Villager (Male) |
| 30:36 | Crear | Villager (Male) |
| 30:36 | Crear | Villager (Male) |
| 30:36 | Crear | Villager (Male) |
| 30:37 | Crear | Villager (Male) |
| 30:37 | Crear | Villager (Male) |
| 30:37 | Crear | Villager (Male) |
| 30:41 | Crear | Villager (Male) |
| 30:41 | Crear | Villager (Male) |
| 30:43 | Crear | Villager (Male) |
| 30:43 | Crear | Villager (Male) |
| 30:43 | Crear | Villager (Male) |
| 30:43 | Crear | Villager (Male) |
| 30:43 | Crear | Villager (Male) |
| 30:44 | Crear | Villager (Male) |
| 30:44 | Crear | Villager (Male) |
| 30:44 | Crear | Villager (Male) |
| 30:44 | Crear | Villager (Male) |
| 30:45 | Crear | Villager (Male) |
| 30:53 | Construir | Lumber Camp |
| 31:24 | Crear | Trade Cart |
| 31:24 | Crear | Trade Cart |
| 31:24 | Crear | Trade Cart |
| 31:24 | Crear | Trade Cart |
| 32:12 | Crear | Villager (Male) |
| 32:18 | Investigar | War Galley (upgrade) |
| 32:45 | Construir | Archery Range |
| 33:32 | Construir | Stable |
| 33:36 | Construir | Siege Workshop |
| 34:28 | Construir | Farm |
| 34:30 | Construir | Farm |
| 34:33 | Construir | Farm |
Cronología de la partida
| 8:19 | VillagerAbuser · first_building Dock |
| 9:12 | lehoangphilong1809 · first_building Dock |
| 10:14 | duythach3266 · first_building Dock |
| 13:18 | VillagerAbuser · age_up feudal |
| 13:59 | lehoangphilong1809 · age_up feudal |
| 14:18 | duythach3266 · age_up feudal |
| 16:24 | Tolomagno LXIX · age_up feudal |
| 18:18 | lehoangphilong1809 · age_up castle |
| 18:49 | Tolomagno LXIX · first_building Stable |
| 19:50 | duythach3266 · age_up castle |
| 21:28 | VillagerAbuser · age_up castle |
| 22:28 | lehoangphilong1809 · first_building Barracks |
| 22:35 | duythach3266 · first_building Monastery |
| 23:14 | Tolomagno LXIX · first_building Dock |
| 23:15 | VillagerAbuser · first_building Siege Workshop |
| 23:30 | lehoangphilong1809 · first_building Archery Range |
| 24:07 | VillagerAbuser · first_building Castle |
| 24:43 | Tolomagno LXIX · age_up castle |
| 24:43 | lehoangphilong1809 · first_building Castle |
| 25:04 | duythach3266 · first_building Barracks |
| 25:14 | lehoangphilong1809 · first_building Monastery |
| 28:49 | VillagerAbuser · first_building Monastery |
| 32:45 | duythach3266 · first_building Archery Range |
| 33:32 | duythach3266 · first_building Stable |
| 33:36 | duythach3266 · first_building Siege Workshop |
| 33:58 | VillagerAbuser · first_building Barracks |
| 34:50 | Tolomagno LXIX · first_building Barracks |
| 36:48 | lehoangphilong1809 · first_market_sell 100 food |
| 37:25 | duythach3266 · first_building Castle |
| 38:36 | duythach3266 · age_up imperial |
| 39:34 | lehoangphilong1809 · age_up imperial |
| 39:53 | Tolomagno LXIX · first_building Castle |
| 40:13 | VillagerAbuser · first_market_buy 100 food |
| 41:26 | Tolomagno LXIX · age_up imperial |
| 42:10 | VillagerAbuser · age_up imperial |
| 47:18 | Tolomagno LXIX · first_building Archery Range |
| 47:30 | VillagerAbuser · resign |
[ ANÁLISIS IA · 1 CRÉDITO ]
¿Qué pasó realmente en esta partida?
Wolo.gg analiza cada decisión: build order, eco, micro, errores típicos por bracket. Análisis personalizado por WhatsApp o Discord en 30 segundos.
Guía civ
Jemeres
Guía mapa
Graupel
Perfil
Tolomagno LXIX